 Dungeon Crawl Stone Soup version 0.24.1-14-gf8d2b509d9 (webtiles) character file.

Game seed: 16700218385112954613, levelgen mode: deterministic

70 lepoulpe303 the Grave Robber (level 4, -7/30 HPs)
             Began as a Demonspawn Necromancer on May 18, 2020.
             Killed by nerve-wracking pain
             ... invoked by Jessica
              (13 damage)
             ... on level 2 of the Dungeon.
             The game lasted 00:06:58 (2850 turns).

lepoulpe303 the Grave Robber (DsNe)                 Turns: 2850, Time: 00:06:58

Health: -7/30      AC:  2    Str:  8    XL:     4   Next: 4%
Magic:  4/8        EV: 13    Int: 17    God:
Gold:   54         SH:  0    Dex: 16    Spells: 3/8 levels left

rFire    . . .     SeeInvis .   a - +0 short sword
rCold    . . .     Gourm    .   (no shield)
rNeg     . . .     Faith    .   b - +0 robe
rPois    .         Spirit   .   (helmet restricted)
rElec    .         Reflect  .   (no cloak)
rCorr    .         Harm     .   (no gloves)
MR       .....                  (no boots)
Stlth    +++.......             (no amulet)
HPRegen  0.10/turn              (no ring)
MPRegen  0.11/turn              (no ring)

@: slowed, very slow
A: antennae 1, thin skeletal structure 1
a: no special abilities


You were on level 2 of the Dungeon.
You were not hungry.

You visited 1 branch of the dungeon, and saw 2 of its levels.

You collected 54 gold pieces.

Inventory:

Hand Weapons
 a - a +0 short sword (weapon)
Armour
 b - a +0 robe (worn)
Wands
 m - a wand of enslavement (6)
Scrolls
 f - a scroll of noise {unknown}
 h - 3 scrolls of remove curse {unknown}
 i - 2 scrolls of identify {unknown}
 j - a scroll of blinking {unknown}
 k - a scroll of enchant weapon {unknown}
 l - a scroll of teleportation {unknown}
 n - a scroll of immolation {unknown}
Potions
 c - a potion of berserk rage {unknown}
 d - a potion of degeneration {unknown}
 g - 2 potions of curing {unknown}
Comestibles
 e - 5 rations
 o - 2 chunks of flesh


   Skills:
 + Level 2.2 Dodging
 + Level 2.3 Stealth
 * Level 2.8 Spellcasting
 * Level 5.1 Necromancy


You had 3 spell levels left.
You knew the following spells:

 Your Spells              Type           Power        Failure   Level  Hunger
a - Pain                  Necr           ###.         2%          1    #......
x - Vampiric Draining     Necr           ###.......   6%          3    ###....
A - Animate Skeleton      Necr           N/A          2%          1    #......

Your spell library contained the following spells:

 Spells                   Type           Power        Failure   Level  Hunger
 Regeneration             Chrm/Necr      ##........   19%         3    ###....
 Animate Dead             Necr           N/A          22%         4    #####..


Dungeon Overview and Level Annotations

Branches:
Dungeon (2/15)

Altars:
Wu Jian

Annotations:
D:2 Jessica


Innate Abilities, Weirdness & Mutations

You have a pair of small antennae on your head.
You have a somewhat thin skeletal structure. (Dex +2, Stealth)


Message History

Jessica writhes in agony.
Jessica casts a spell.
Jessica blinks!
You take 1 damage, and have 12/30 hp.
You now have 7/8 mp.
Aim: Jessica, wielding a +3 club and wearing a +0 robe (heavily wounded, fast, chance to defeat MR: 84%) Jessica writhes in agony.
Jessica casts a spell at you.
You feel as though you will be slow longer.
Jessica looks very angry.
You take 1 damage, and have 11/30 hp.
You now have 6/8 mp.
Aim: Jessica, wielding a +3 club and wearing a +0 robe (severely wounded, fast, chance to defeat MR: 84%) Jessica writhes in agony.
Jessica hits you but does no damage. Jessica hits you with a +3 club.
* * * LOW HITPOINT WARNING * * *
You take 4 damage, and have 7/30 hp.
You now have 5/8 mp.
Aim: Jessica, wielding a +3 club and wearing a +0 robe (almost dead, fast, chance to defeat MR: 84%) Jessica barely resists.
Jessica gestures at you while chanting. Pain shoots through your body!
You die...

#.# #.# #.#
#######.###.# #.#
#.........#.# #.#
..#######.#.#
#######.# ..# #.#.#
#.......# ..#
#.#.####.#####.# ..#
#..............# ..#
#..#.###@.###### ..#
#.###.##@.##
..#######..#.###...#
..).......#.## ##..#
<##########.#
##..###### .# #.#
#........# .# #.#
#.#.####.# ## ###
##@### #.# +...# #.#
##...# #.#


You could see Jessica.

Levels and vault maps discovered:
D:1:      doesnt_arrival_eight_statues, layout_basic, fountainhead
D:2:      minmay_razor_zed, layout_loops_ring, nicolae_overflow_crystal_walls,
          first_ration, uniq_jessica

Notes
Turn   | Place    | Note
-------+----------+-------------------------------------------
     0 | D:1      | lepoulpe303 the Demonspawn Necromancer began the quest for
                  | the Orb.
     0 | D:1      | Reached XP level 1. HP: 13/13 MP: 3/3
    17 | D:1      | Identified a +0 dagger
   215 | D:1      | Identified a +0 club
   248 | D:1      | Learned a level 1 spell: Animate Skeleton
   481 | D:1      | Gained mutation: You have a pair of small antennae on your
                  | head. [demonic ancestry]
   481 | D:1      | Reached XP level 2. HP: 13/19 MP: 5/5
   734 | D:1      | Reached skill level 2 in Stealth
  1059 | D:1      | Reached skill level 2 in Dodging
  1516 | D:1      | Identified a +0 short sword
  1786 | D:2      | Identified a +0 club
  1815 | D:2      | Identified a +0 club
  1845 | D:2      | Gained mutation: You have a somewhat thin skeletal
                  | structure. (Dex +2, Stealth) [demonic ancestry]
  1845 | D:2      | Reached XP level 3. HP: 6/24 MP: 4/6
  2295 | D:2      | Found an ornate altar of the Wu Jian Council.
  2585 | D:2      | Identified a +0 dagger
  2598 | D:2      | Learned a level 3 spell: Vampiric Draining
  2653 | D:2      | Reached skill level 5 in Necromancy
  2732 | D:2      | Reached XP level 4. HP: 23/30 MP: 2/8
  2816 | D:2      | Identified a +0 short sword
  2831 | D:2      | Identified a +3 club
  2831 | D:2      | Identified a +0 robe
  2831 | D:2      | Noticed Jessica
  2849 | D:2      | HP: 7/30 [Jessica/+3 club (3)]
  2850 | D:2      | Killed from afar by Jessica

Table legend:
 A = Turns spent in this place as a percentage of turns spent in the entire game.
 B = Non-inter-level travel turns spent in this place as a percentage of non-inter-level travel turns spent in the entire game.
 C = Inter-level travel turns spent in this place as a percentage of turns spent in this place.
 D = Turns resting spent in this place as a percentage of non-inter-level travel turns spent in this place.
 E = Turns spent auto-exploring this place as a percentage of non-inter-level travel turns spent in this place.
 F = Non-inter-level travel turns spent in this place divided by the number of levels of this place that you've seen.
                   A       B       C       D       E      F
               +-------+-------+-------+-------+-------+----------------------
         Total | 100.0 | 100.0 |   2.1 |  39.8 |  44.7 | 1394.5
       Dungeon | 100.0 | 100.0 |   2.1 |  39.8 |  44.7 | 1394.5
               +-------+-------+-------+-------+-------+----------------------

Table legend:
 A = Kills in this place as a percentage of kills in entire the game.
 B = Kills by you in this place as a percentage of kills by you in the entire game.
 C = Kills by friends in this place as a percentage of kills by friends in the entire game.
 D = Other kills in this place as a percentage of other kills in the entire game.
 E = Experience gained in this place as a percentage of experience gained in the entire game.
 F = Experience gained in this place divided by the number of levels of this place that you have seen.
                   A       B       C       D       E      F
               +-------+-------+-------+-------+-------+----------------------
         Total | 100.0 | 100.0 | 100.0 |   N/A | 100.0 |  50.5
       Dungeon | 100.0 | 100.0 | 100.0 |   N/A | 100.0 |  50.5
               +-------+-------+-------+-------+-------+----------------------

Skill      XL: |  1  2  3 |
---------------+----------+-----
Stealth        | 2 |  2.3
Dodging        | 2 |  2.2
Necromancy     | 5 |  5.1
Spellcasting   | |  2.8

Action                   |  1- 3 |  4- 6 || total
-------------------------+-------+-------++-------
Melee: Dagger            |    61 |       ||    61
       Short sword       |    44 |       ||    44
 Cast: Pain              |    25 |     8 ||    33
       Animate Skeleton  |     3 |       ||     3
 Stab: Sleeping          |     4 |       ||     4
  Eat: Chunk             |     6 |       ||     6
Armor: Robe              |    16 |       ||    16
Dodge: Dodged            |    83 |       ||    83

Vanquished Creatures
  3 adders (D:2)
  2 dart slugs
  2 leopard geckos (D:1)
  5 giant cockroaches
  3 goblins (D:2)
  4 hobgoblins
  A jackal (D:1)
  3 bats
  4 frilled lizards
  5 kobolds
  5 rats
37 creatures vanquished.

Vanquished Creatures (collateral kills)
  A jackal (D:1)
1 creature vanquished.

Grand Total: 38 creatures vanquished
